 Dungeon Crawl Stone Soup version 0.24.0-123-gd5b16e6ec5 (webtiles) character file.

Game seed: 14185909280496374488, levelgen mode: deterministic

55 Devam the Magician (level 3, -7/24 HPs)
             Began as a Mummy Wizard on Dec 31, 2019.
             Mangled by Jessica
             ... wielding a +6 dagger of holy wrath
              (10 damage)
             ... on level 2 of the Dungeon.
             The game lasted 00:08:58 (2270 turns).

Devam the Magician (Mummy Wizard)                   Turns: 2270, Time: 00:08:58

Health: -7/24      AC:  2    Str: 10    XL:     3   Next: 67%
Magic:  2/8        EV: 12    Int: 18    God:
Gold:   61         SH:  0    Dex: 10    Spells: 2/10 levels left

rFire    x . .     SeeInvis .   e - +0 dagger
rCold    + . .     Gourm    .   (no shield)
rNeg     + + +     Faith    .   a - +0 robe
rPois    ∞         Spirit   .   b - +0 hat
rElec    .         Reflect  .   (no cloak)
rCorr    .         Harm     .   (no gloves)
MR       .....                  (no boots)
Stlth    ++........             (no amulet)
HPRegen  0.08/turn              (no ring)
MPRegen  0.11/turn              (no ring)

@: very slightly contaminated
A: no food or potions, fire vulnerability, cold resistance 1, negative energy
resistance 3, torment resistance, unbreathing
a: no special abilities


You were on level 2 of the Dungeon.
You were not hungry.

You visited 1 branch of the dungeon, and saw 3 of its levels.

You collected 61 gold pieces.

Inventory:

Hand Weapons
 e - a +0 dagger (weapon)
 g - a +0 whip
Missiles
 f - 48 stones (quivered)
Armour
 a - a +0 robe (worn)
 b - a +0 hat (worn)
Scrolls
 c - 2 scrolls of remove curse {unknown}
 d - a scroll of enchant weapon {unknown}
 h - a scroll of identify {unknown}
 i - a scroll of teleportation {unknown}
 j - a scroll of random uselessness {unknown}
 k - a scroll of magic mapping {unknown}
 l - a scroll of blinking {unknown}


   Skills:
 - Level 1.5 Dodging
 - Level 1.5 Stealth
 - Level 4.0 Spellcasting
 + Level 3.0 Conjurations
 - Level 0.7 Summonings
 - Level 0.7 Translocations


You had 2 spell levels left.
You knew the following spells:

 Your Spells              Type           Power        Failure   Level  Hunger
a - Magic Dart            Conj           ##..         4%          1    N/A
b - Blink                 Tloc           N/A          17%         2    N/A
c - Call Imp              Summ           #.......     17%         2    N/A
d - Conjure Flame         Conj/Fire      #.......     24%         3    N/A

Your spell library contained the following spells:

 Spells                   Type           Power        Failure   Level  Hunger
 Slow                     Hex            #.......     22%         2    N/A
 Mephitic Cloud           Conj/Pois/Air  #.......     28%         3    N/A

Dungeon Overview and Level Annotations

Branches:
Dungeon (3/15)

Altars:
Hepliaklqana

Annotations:
D:2 Jessica


Innate Abilities, Weirdness & Mutations

You do not eat or drink.
Your flesh is vulnerable to fire.
You are immune to poison.
Your flesh is cold resistant. (rC+)
You are immune to negative energy. (rN+++)
You are immune to unholy pain and torment.
You can survive without breathing.


Message History

Jessica blinks!
Your crimson imp hits Jessica.
Jessica closely misses you.
There is a stone staircase leading up here.
Casting: Magic Dart (safe; 4% risk of failure)
Confirm with . or Enter, or press ? or * to list all spells.
Aiming: Magic Dart (safe; 4% risk of failure)
Press: ? - help, Shift-Dir - straight line, f/p - Jessica
Aim: Jessica, wielding a +6 dagger of holy wrath and wearing a +0 robe (heavily wounded, fast)
The magic dart hits Jessica.
Jessica is severely wounded.
Jessica hits you with a +6 dagger of holy wrath.
* * * LOW HITPOINT WARNING * * *
You convulse.
* * * LOW HITPOINT WARNING * * *
Your crimson imp blinks!
Casting: Magic Dart (safe; 4% risk of failure)
Confirm with . or Enter, or press ? or * to list all spells.
You miscast Blink.
You feel a wrenching sensation.
Jessica hits you with a +6 dagger of holy wrath!
You die...

#.###..............#........####
#.# #..................#....##..
#.####.#......#....^........##..
#......##.....#.>...........##..
#####..............[........##..
###.........................##..
#.'........5......#..........#..
#.#...........................#.
#.###.#.###....@@§.......[....#.
#.# #.#.# #...................#.
#.# #)#+###...##................
#.###.........##..........<.....
#...............................
######........##......###.......
##.##........).........@...
####'##.....####.............
#......#..#.# #...........#.


You could see Jessica and a friendly crimson imp.

Vanquished Creatures
  An adder (D:2)
  A dart slug (D:1)
  A leopard gecko (D:2)
  2 giant cockroaches
  6 goblins
  4 hobgoblins
  3 jackals
  2 quokkas
  5 bats
  A frilled lizard (D:1)
  9 kobolds
  6 rats
41 creatures vanquished.

Notes
Turn   | Place    | Note
-------+----------+-------------------------------------------
     0 | D:1      | Devam the Mummy Wizard began the quest for the Orb.
     0 | D:1      | Reached XP level 1. HP: 13/13 MP: 5/5
    54 | D:1      | Reached skill level 1 in Conjurations
   316 | D:1      | Reached XP level 2. HP: 18/19 MP: 0/7
   695 | D:1      | Learned a level 2 spell: Blink
   698 | D:1      | Learned a level 2 spell: Call Imp
   827 | D:2      | Noticed a scorpion
  1263 | D:1      | Reached XP level 3. HP: 7/24 MP: 0/8
  1708 | D:2      | Found a hazy altar of Hepliaklqana.
  2104 | D:2      | Learned a level 3 spell: Conjure Flame
  2106 | D:3      | Noticed Jessica
  2270 | D:2      | Mangled by Jessica

Levels and vault maps discovered:
D:1:      lightli_arrival_isolated_outpost, layout_rooms
D:2:      layout_basic, lemuel_doored_altar, first_ration
D:3:      layout_basic, uniq_natasha, uniq_jessica, uniq_grinder

Skill      XL: |  1  2  3 |
---------------+----------+-----
Conjurations   | 1 2 3 |  3.0
Dodging        | |  1.5
Stealth        | |  1.5
Spellcasting   | |  4.0
Summonings     | |  0.7
Translocations | |  0.7

Action                   || total
-------------------------++-------
Melee: Unarmed           ||    10
       Dagger            ||     8
 Cast: Magic Dart        ||   108
       Blink             ||     1
       Call Imp          ||     1
Armor: Robe              ||    15
Dodge: Dodged            ||    59
